[Event "*** Titled Tuesday Blitz"]
[Site "Chess.com"]
[Date "2021.04.06"]
[Round "6"]
[White "PawnEatingZombie"]
[Black "DinaBelenkaya"]
[Result "0-1"]
[WhiteElo "2198"]
[BlackElo "2354"]
[TimeControl "180+1"]
[EndTime "11:08:48 PDT"]
[Termination "DinaBelenkaya won on time"]

1. d4 Nf6 2. c4 c5 3. d5 d6 4. Nc3 e5 5. e4 Be7 6. g3 a6 7. a4 Nbd7 8. Bg2 b6 9. Nge2 h5 10. h4 Qc7 11. f3 Nf8 12. Be3 Bd7 13. Qd3 Bd8 14. Bh3 Rb8 15. Bxd7+ N6xd7 16. Kf2 Nh7 17. Kg2 O-O 18. Rhb1 Be7 19. Ng1 Qc8 20. Nh3 Ndf6 21. Rf1 Ne8 22. b3 Nc7 23. Qe2 Qd7 24. f4 exf4 25.
gxf4 Bf6 26. Rac1 g6 27. Ng5 Qe7 28. Bd2 Bd4 29. Rce1 b5 30. axb5 axb5 31. Qf3 bxc4 32. bxc4 Rb3 33. e5 dxe5 34. f5 Bxc3 35. Nxh7 Bxd2 36.
Qxb3 Kxh7 37. f6 Qd7 38. Re4 Bh6 39. Qf3 Bf4 40. Rxf4 exf4 41. Qxf4 Ne8 42. Qe3 Nd6 43. Qxc5 Qg4+ 44. Kf2 Qxh4+ 45. Ke2 Qg4+ 46. Kd3 Qe4+ 47. Kc3 Nf5 48. Rxf5 Qe3+ 49. Kb4 Qd2+ 0-1

[Event "*** Titled Tuesday Blitz"]
[Site "Chess.com"]
[Date "2021.04.06"]
[Round "6"]
[White "Chopper1905"]
[Black "Witik"]
[Result "1/2-1/2"]
[WhiteElo "2943"]
[BlackElo "2731"]
[TimeControl "180+1"]
[EndTime "11:08:49 PDT"]
[Termination "Game drawn by repetition"]

1. d4 d5 2. c4 e6 3. Nc3 c6 4.
e3 Bd6 5. Nf3 f5 6. Be2 Nf6 7.
Ne5 O-O 8. O-O b6 9. Bd2 Bb7 10. f4 Nbd7 11. Be1 Ne4 12. Nxe4 dxe4 13. c5 Bc7 14.
Bc4 Qe7 15. b4 Nf6 16. Bh4 Qe8 17. a4 Nd5 18. Qb3 bxc5 19. dxc5 Rb8 20. b5 Bxe5 21. fxe5 Bc8 22. Rab1 h6 23. Be1 Bd7 24. b6 axb6 25. Bxd5 cxd5 26. cxb6 Bxa4 27. Qa3 Bb5 28. Rf2 Bd3 29.
Rb3 Qc6 30. Bb4 Rfc8 31. h3 Qc1+ 32. Kh2 Qxe3 33. Bd6 Qxf2 34. b7 Re8 35. Bxb8 Rxb8 36. Qd6 Qf4+ 37. Kh1 Qc1+ 38. Kh2 Qf4+ 39. Kh1 Rxb7 40.
Rxb7 Qf1+ 41. Kh2 Qf4+ 42. Kh1 Qf1+ 43. Kh2 Qf4+ 44. Kg1 Qe3+ 45. Kh1 Qc1+ 46. Kh2 Qf4+ 1/2-1/2

[Event "*** Titled Tuesday Blitz"]
[Site "Chess.com"]
[Date "2021.04.06"]
[Round "6"]
[White "GMSrinath"]
[Black "Legendinunknown"]
[Result "1-0"]
[WhiteElo "2815"]
[BlackElo "2607"]
[TimeControl "180+1"]
[EndTime "11:08:49 PDT"]
[Termination "GMSrinath won by resignation"]

1. Nf3 Nf6 2. c4 g6 3. b3 Bg7 4. Bb2 O-O 5. g3 d6 6. Bg2 Nbd7 7. O-O e5 8. Nc3 Qe7 9. d4 c6 10. Ba3 Rd8 11. Qc2 c5 12. dxc5 dxc5 13. Rad1 Rb8 14. Ng5 h6 15. Nge4 Nxe4 16. Nd5 Qf8 17. Bxe4 b6 18. Rd2 f5 19. Bg2 Nf6 20. Rfd1 Be6 21.
Nc7 Bf7 22. Bb2 e4 23. f3 Qe7 24.
Nb5 a6 25. Rxd8+ Rxd8 26. Rxd8+ Qxd8 27. Nc3 exf3 28. exf3 Ne8 29. f4 Nc7 30. Na4 Bxb2 31. Qxb2 Qd1+ 32. Bf1 Ne6 33. Nxb6 Nd4 34. Qf2 Be8 35. Nd5 Kf7 36. Qe3 Ne6 37. Kf2 Bc6 38. Bg2 g5 39. Bf3 Qc2+ 40. Qe2 Qxe2+ 41. Kxe2 Nd4+ 42.
Kf2 Nxf3 43. Kxf3 Ke6 44. fxg5 hxg5 45. h4 gxh4 46. gxh4 Ke5 47. Ke3 Be8 48. Nf4 Bf7 49. Nd3+ Kd6 50. Kf4 Be6 51. h5 Ke7 52. Kg5 Kf7 53.
Nxc5 Bd7 54. Nxd7 1-0

[Event "*** Titled Tuesday Blitz"]
[Site "Chess.com"]
[Date "2021.04.06"]
[Round "6"]
[White "m_ezat"]
[Black "anon6121824"]
[Result "0-1"]
[WhiteElo "2568"]
[BlackElo "2788"]
[TimeControl "180+1"]
[EndTime "11:08:49 PDT"]
[Termination "anon6121824 won on time"]

1. d4 Nf6 2. c4 g6 3. Nc3 d5 4.
Bf4 Bg7 5. Nf3 O-O 6. Rc1 dxc4 7. e3 a6 8. Bxc4 b5 9. Bb3 Bb7 10. O-O Nbd7 11. a4 b4 12. Na2 Rc8 13. Nxb4 c5 14. Nd3 Qb6 15. Nde5 e6 16. Nc4 Qb4 17. Nd6 Bxf3 18.
gxf3 Rc6 19. a5 Nd5 20. Ba4 Rc7 21. Bg3 Rd8 22. e4 Bxd4 23. exd5 exd5 24. Nxf7 Rdc8 25.
Bxc7 Rxc7 26. Nd6 Ne5 27. f4 Nf7 28. Nxf7 Rxf7 29. Bc6 Rxf4 30. Bxd5+ Kg7 31. Qe2 Kh6 32. Kh1 Qxa5 33. Rg1 Qd8 34. Qe6 Rf6 35. Qh3+ Kg7 36. Qg2 Rxf2 37. Qe4 Qd6 38. Rg2 Rf4 39. Qe6 Qf8 40.
Qd7+ Kh6 41. Qh3+ Kg7 42. Re2 Qd6 43. Qe6 Qb8 44. Qd7+ Kh6 45. Qh3+ Kg5 46. Rg2+ Kf6 47. Qxh7 Qe8 0-1

[Event "*** Titled Tuesday Blitz"]
[Site "Chess.com"]
[Date "2021.04.06"]
[Round "6"]
[White "Klavdia_Nik"]
[Black "annamaja"]
[Result "0-1"]
[WhiteElo "2031"]
[BlackElo "2265"]
[TimeControl "180+1"]
[EndTime "11:08:49 PDT"]
[Termination "annamaja won on time"]

1. Nf3 Nf6 2. c4 e6 3. b3 c5 4. Bb2 Be7 5. g3 O-O 6. Bg2 Nc6 7.
O-O d5 8. cxd5 exd5 9. d4 b6 10.
dxc5 bxc5 11. e3 Bf5 12. Nc3 Rc8 13. Rc1 d4 14. exd4 Nxd4 15. Ne5 Re8 16. h3 Bf8 17.
Nc4 Qd7 18. Kh2 h6 19. Ne3 Bg6 20. Ne2 Rcd8 21. Nf4 Bh7 22. Nc4 Qf5 23. Bxd4 Rxd4 24. Qf3 g5 25. Ne2 Qxf3 26. Bxf3 Rdd8 27. Nc3 Bd3 28.
Rfe1 Bxc4 29. bxc4 Rxe1 30. Rxe1 Rd3 31. Nd5 Rxf3 32.
Nxf6+ Rxf6 33. Kg2 Ra6 34. Re2 Ra4 35. Rc2 Bg7 36.
g4 Rb4 37. Kf3 Rb2 38. Rc1 Rxa2 39. Rb1 Bd4 40. Ke4 Rxf2 41. Rb8+ Kg7 42. Rb7 Rf4+ 43. Kd5 Rf3 44. Rxa7 Rxh3 45. Re7 Rf3 0-1

[Event "*** Titled Tuesday Blitz"]
[Site "Chess.com"]
[Date "2021.04.06"]
[Round "6"]
[White "PavelChernomordik"]
[Black "powermove"]
[Result "1-0"]
[WhiteElo "2322"]
[BlackElo "1672"]
[TimeControl "180+1"]
[EndTime "11:08:50 PDT"]
[Termination "PavelChernomordik won on time"]

1. e4 e5 2. Nf3 Nc6 3. Bc4 Be7 4. d4 d6 5. dxe5 dxe5 6. Bd5 Nf6 7. Bxc6+ bxc6 8.
Qxd8+ Bxd8 9. Nxe5 Nxe4 10. Nxc6 Bf6 11. O-O O-O 12. Re1 Bb7 13. Na5 Nc5 14. Nxb7 Nxb7 15. c3 Nc5 16. Be3 Na4 17. Re2 Rfd8 18. Na3 Rab8 19. Nc4 a6 20. g4 h6 21. Kg2 Rd5 22. Bf4 Rb7 23. Rae1 Kh7 24. Rc2 Nc5 25. Na5 Rb5 26.
b4 Nd3 27. Re4 Rd7 28. Bg3 c5 29. a3 cxb4 30. cxb4 Bb2 31. Nc4 Ba1 32. Rd2 Rg5 33.
h4 Rgd5 34. Kf1 Nxb4 35. Rde2 Rd1+ 36. Kg2 Nd3 37. Re7 Rxe7 38. Rxe7 Ne1+ 39. Kh3 Nf3 40. Kg2 Nd4 41. Rxf7 Ne2 42. Be5 1-0

[Event "*** Titled Tuesday Blitz"]
[Site "Chess.com"]
[Date "2021.04.06"]
[Round "6"]
[White "kuli4ik"]
[Black "Mamedyarov_twitch"]
[Result "1/2-1/2"]
[WhiteElo "2880"]
[BlackElo "3009"]
[TimeControl "180+1"]
[EndTime "11:08:51 PDT"]
[Termination "Game drawn by repetition"]

1. Nf3 d5 2. g3 Nf6 3. Bg2 g6 4. b3 Bg7 5. Bb2 O-O 6. c4 dxc4 7. bxc4 c5 8. O-O Nc6 9. d3 Qc7 10. Nc3 Rd8 11. Rb1 Bf5 12. Nd2 Rac8 13. Nd5 Qd7 14. Nxf6+ Bxf6 15. Bxf6 exf6 16. Ne4 Qe7 17. Nc3 b6 18.
Nd5 Qd6 19. Qd2 Kg7 20. Rfe1 h5 21. h4 Re8 22. Qc3 Bg4 23. Ne3 Nd4 24. Nxg4 hxg4 25. e3 Nf3+ 26. Bxf3 gxf3 27. e4 Qe6 28. Re3 Qg4 29.
Qd2 Rcd8 30. Qd1 f5 31. e5 f4 32. Rxf3 Rd4 33. Qe2 Rh8 34. Re1 Rxh4 35. e6 fxg3 36. Rxf7+ Kh6 37. Qxg4 Rdxg4 38. f3 g2 39. fxg4 Rh1+ 40.
Kxg2 Rxe1 41. e7 Kg5 42. Kf3 a6 43. a4 a5 44. Kf2 Re5 45. Kg3 Re3+ 46. Kf2 Re5 47.
Kf3 Re1 48. Kf2 Re5 1/2-1/2

[Event "*** Titled Tuesday Blitz"]
[Site "Chess.com"]
[Date "2021.04.06"]
[Round "6"]
[White "Chesswizard_2007"]
[Black "RD4ever"]
[Result "1/2-1/2"]
[WhiteElo "2706"]
[BlackElo "2878"]
[TimeControl "180+1"]
[EndTime "11:08:51 PDT"]
[Termination "Game drawn by repetition"]

1. Nf3 Nf6 2. c4 c5 3. g3 b6 4. Bg2 Bb7 5. O-O e6 6. Nc3 Be7 7. d4 cxd4 8. Nxd4 Bxg2 9. Kxg2 Qc8 10. b3 O-O 11. Bb2 Nc6 12. Rc1 Qb7 13. Kg1 a6 14.
Nxc6 Qxc6 15. Qd3 Rac8 16. Rfd1 Rfd8 17. h3 d6 18. Qe3 Bf8 19. Na4 Nd7 20. Bd4 Nc5 21.
Nxc5 bxc5 22. Ba1 a5 23. h4 a4 24. h5 h6 25. Rd3 axb3 26. axb3 Ra8 27. Rcd1 Rdb8 28.
Kh2 Ra2 29. R3d2 Ra3 30. Rd3 Qb7 31. Rb1 Rba8 32. Bb2 Ra2 33. Bc3 Qc6 34. Rbd1 Rb8 35. Be1 Qe8 36. g4 Qe7 37. f3 Qg5 38. Bg3 Rb6 39. Kg2 e5 40. Qxg5 hxg5 41. Kf1 Rb2 42.
Be1 f6 43. Ba5 R6xb3 44. Bc7 Rxd3 45. Rxd3 Rc2 46. Bxd6 Rxc4 47. Bxf8 Kxf8 48. Rd7 Rc1+ 49. Kf2 c4 50. Rc7 Kg8 51. Kg2 Kh7 52. Kf2 Kh6 53.
Rc8 g6 54. hxg6 Kxg6 55. Ke3 Rc2 56. Rc7 Kh6 57. Kf2 Kg6 58. Ke3 c3 59. Kd3 Rd2+ 60.
Ke3 Rc2 61. Kd3 Rd2+ 62. Ke3 Rc2 1/2-1/2

[Event "*** Titled Tuesday Blitz"]
[Site "Chess.com"]
[Date "2021.04.06"]
[Round "6"]
[White "Koalaskakistis"]
[Black "anpospan"]
[Result "1-0"]
[WhiteElo "2584"]
[BlackElo "2403"]
[TimeControl "180+1"]
[EndTime "11:08:51 PDT"]
[Termination "Koalaskakistis won on time"]

1. Nf3 b6 2. g3 Bb7 3. Bg2 e6 4. O-O c5 5. d3 Qc7 6. e4 d6 7. Re1 Nd7 8. c3 Be7 9. d4 Ngf6 10. Nbd2 cxd4 11. cxd4 Rc8 12. b3 Qc2 13. Qxc2 Rxc2 14. Bf1 O-O 15. Bd3 Rc3 16. Bb1 Rfc8 17. Bb2 R3c7 18.
Ba3 Kf8 19. Bd3 Rc3 20. Bb5 a6 21. Bf1 b5 22. Bb4 R3c7 23. a4 Bc6 24. axb5 Bxb5 25. Bxb5 axb5 26. Ra5 Rb7 27. Rea1 d5 28. Ra8 Rxa8 29.
Rxa8+ Rb8 30. Bxe7+ Kxe7 31. Ra7 dxe4 32. Ne5 Ke8 33. Nxd7 Nxd7 34. Nxe4 b4 35. Nd6+ Ke7 36. Nxf7 Kxf7 37. Rxd7+ Kf6 38. Kg2 h5 39. h4 g6 40.
Rc7 Rb5 41. Kf3 Rf5+ 42. Ke3 Ra5 43. Rb7 e5 44. Rxb4 exd4+ 45. Rxd4 Ra3 46. Rb4 Ra1 47. Kf3 Kf5 48. Rb5+ Kf6 49. Rb8 Rb1 50. b4 Kf5 51. b5 Rb3+ 52. Kg2 Kg4 53. b6 Rb1 54. b7 Rb2 55.
Rf8 1-0

[Event "*** Titled Tuesday Blitz"]
[Site "Chess.com"]
[Date "2021.04.06"]
[Round "6"]
[White "suneebaker"]
[Black "TC2304"]
[Result "1-0"]
[WhiteElo "2131"]
[BlackElo "2279"]
[TimeControl "180+1"]
[EndTime "11:08:51 PDT"]
[Termination "suneebaker won by resignation"]

1. e4 Nc6 2. Nf3 d6 3. d4 Bg4 4. Bb5 Bxf3 5. Qxf3 a6 6. Bxc6+ bxc6 7. O-O d5 8. Nc3 e6 9. Bf4 Rb8 10. b3 Bd6 11.
Bxd6 cxd6 12. Qg3 g6 13. Rfe1 Ne7 14. Rad1 O-O 15. Qh4 Kg7 16. Rd3 dxe4 17. Nxe4 Nf5 18. Qf4 Qe7 19. g4 Nh6 20. Nxd6 Rbd8 21. Nc4 Rd5 22.
Ne3 Ra5 23. a4 g5 24. Qe4 Qf6 25. c4 Qf4 26. Ng2 Qxe4 27. Rxe4 Rb8 28. c5 Rb4 29.
Ne3 Rxc5 30. dxc5 Rxe4 31. Rd6 Nxg4 32. Rxc6 Nxe3 33. fxe3 Rxe3 34. b4 Rb3 35. Rb6 Kf6 36. c6 Ke7 37. b5 Kd6 38. Rb7 axb5 39. axb5 e5 40. Rd7+ Ke6 41. Rb7 Kd6 42. c7 Kd7 43.
b6 e4 44. Rb8 Rb1+ 45. Kf2 Rc1 46. Rd8+ Ke6 47. c8=Q+ Rxc8 48. Rxc8 1-0

[Event "*** Titled Tuesday Blitz"]
[Site "Chess.com"]
[Date "2021.04.06"]
[Round "6"]
[White "Rodalquilar"]
[Black "eljanov"]
[Result "1-0"]
[WhiteElo "2692"]
[BlackElo "2855"]
[TimeControl "180+1"]
[EndTime "11:08:52 PDT"]
[Termination "Rodalquilar won by resignation"]

1. d4 Nf6 2. Bf4 e6 3. e3 c5 4.
c3 d5 5. Nf3 Bd6 6. Bb5+ Nc6 7.
Bg3 O-O 8. Nbd2 Ne7 9. Bd3 b6 10. e4 dxe4 11. Nxe4 Nxe4 12. Bxe4 Rb8 13. dxc5 Bxg3 14.
Qxd8 Rxd8 15. hxg3 f5 16. c6 Nd5 17. Bxd5 Rxd5 18.
Rd1 Rxd1+ 19. Kxd1 Ba6 20. Ne5 Rd8+ 21. Kc2 Rd5 22.
Re1 Kf8 23. c4 Rd8 24. Re3 Bc8 25. Ra3 a6 26. Rb3 Ke7 27. Rxb6 g5 28. c7 Rg8 29.
c5 h5 30. Rb8 h4 31. gxh4 gxh4 32. b4 f4 33. Kc3 f3 34. Nxf3 Kd7 35. Nxh4 Kxc7 36.
Rb6 Rf8 37. Nf3 Rg8 38. g3 Rf8 39. Nd4 Rxf2 40. Nxe6+ Bxe6 41. Rxe6 Rxa2 42. Rg6 Ra3+ 43. Kc4 Ra4 44. Kb3 Ra1 45. g4 a5 46. bxa5 Rxa5 47.
Kc4 Ra1 48. g5 Rc1+ 49. Kd5 Rd1+ 50. Ke5 Rc1 51. c6 Rc5+ 52. Kf4 Kd8 53. Re6 Rc4+ 54.
Kf5 Rc5+ 55. Kf6 1-0

[Event "*** Titled Tuesday Blitz"]
[Site "Chess.com"]
[Date "2021.04.06"]
[Round "6"]
[White "BigAl"]
[Black "Aradhya2000"]
[Result "0-1"]
[WhiteElo "2486"]
[BlackElo "2602"]
[TimeControl "180+1"]
[EndTime "11:08:52 PDT"]
[Termination "Aradhya2000 won by resignation"]

1. Nf3 d5 2. g3 Nf6 3. Bg2 c5 4. O-O g6 5. d3 Bg7 6. Nbd2 O-O 7. e4 Nc6 8. Re1 dxe4 9. dxe4 e5 10. c3 Be6 11. Qe2 Qc7 12. a4 h6 13. Nc4 Nd7 14. h3 Nb6 15. Ne3 a5 16. Nd2 Rfd8 17. Ndc4 Nxc4 18. Nxc4 Rd7 19. Bf1 Rad8 20. Be3 Nd4 21.
cxd4 cxd4 22. Rac1 dxe3 23. Nxe3 Qb6 24. Qf3 Qxb2 25. Bc4 Bxc4 26. Rxc4 Rd4 27. Rc7 R8d7 28. Rxd7 Rxd7 29. Nd5 b5 30. Rd1 Kh8 31. Qg4 Rd8 32.
Rd3 bxa4 33. Rf3 a3 34. Rxf7 a2 35. Qxg6 Qc1+ 36. Kg2 Qg5 37. Qb6 a1=Q 38. h4 Qgc1 39. Qxd8+ Kh7 40. Rxg7+ Kxg7 41. Qf6+ Kh7 42. Qf7+ Kh8 43.
Kh3 Qf1+ 44. Kg4 Qad1+ 45. f3 Qdxf3+ 46. Qxf3 h5+ 47. Kg5 Qxf3 48. Ne7 a4 49. Ng6+ Kg7 50. Ne7 Qxe4 51. Nf5+ Kf8 52. Kf6 a3 53. g4 0-1

[Event "*** Titled Tuesday Blitz"]
[Site "Chess.com"]
[Date "2021.04.06"]
[Round "6"]
[White "WinOrTilt"]
[Black "VinzentSpitzl"]
[Result "0-1"]
[WhiteElo "2236"]
[BlackElo "2409"]
[TimeControl "180+1"]
[EndTime "11:08:52 PDT"]
[Termination "VinzentSpitzl won on time"]

1. d4 Nf6 2. Nf3 g6 3. g3 d6 4.
Bg2 Bg7 5. O-O O-O 6. Re1 Nbd7 7. Nc3 c5 8. Rb1 Rb8 9. Bg5 b5 10. e4 b4 11. Na4 Qa5 12. b3 h6 13. Bf4 Nb6 14.
Nxb6 axb6 15. Qc1 g5 16. Bd2 cxd4 17. Nxd4 Qc5 18. Be3 Qc7 19. Nb5 Qd7 20. c4 bxc3 21. Nxc3 Ng4 22. Nd5 Nxe3 23. Qxe3 e6 24. Nxb6 Qb5 25.
Nc4 Qa6 26. Red1 Rd8 27. a4 Bb7 28. f4 gxf4 29. Qxf4 d5 30. exd5 Bxd5 31. Ne3 Bxg2 32. Kxg2 Rxd1 33. Rxd1 Qc6+ 34. Kg1 Rxb3 35. Rf1 Qb7 36. Rd1 Rb4 37. Rd8+ Kh7 38. Qf2 Rb1+ 39. Nf1 Rb4 40. Rd3 Bd4 41. Rxd4 Rb2 0-1

[Event "*** Titled Tuesday Blitz"]
[Site "Chess.com"]
[Date "2021.04.06"]
[Round "6"]
[White "PotapovaM"]
[Black "vlad_Sid"]
[Result "0-1"]
[WhiteElo "2481"]
[BlackElo "2600"]
[TimeControl "180+1"]
[EndTime "11:08:53 PDT"]
[Termination "vlad_Sid won by resignation"]

1. d4 Nf6 2. c4 e6 3. Nc3 Bb4 4.
Qc2 O-O 5. e4 d5 6. e5 Ne4 7.
Bd3 c5 8. Nf3 cxd4 9. Nxd4 Nd7 10. Bf4 Qh4 11. g3 Qh5 12. h4 Nxe5 13. Be2 Ng4 14.
Bxg4 Qxg4 15. f3 Qh5 16. g4 Qg6 17. fxe4 e5 18. O-O-O Bxc3 19. Nf5 Bxf5 20. gxf5 Qg4 21. Be3 Bb4 22. exd5 Rac8 23. Rhg1 Qxc4 24. Qxc4 Rxc4+ 25. Kb1 Rxh4 26. Bg5 Rd4 27. Rxd4 exd4 28. Bf6 g6 29. Rd1 Bd6 30. Rxd4 Re8 31. Kc2 Re2+ 32. Kd3 Re8 33.
a4 h5 34. a5 a6 35. Rc4 Kh7 36. Rc3 gxf5 37. Rb3 Rb8 38. Kc4 Kg6 39. Bh4 Rc8+ 40. Kd4 Rc7 41. Rb6 f4 42. Rxd6+ Kf5 43. Bd8 Rc1 44.
Rh6 Kg4 45. d6 f3 46. Ke3 Re1+ 47. Kf2 Re2+ 48. Kf1 Rxb2 49. d7 Rd2 50. Bg5 Kxg5 51. Rh7 Rxd7 52. Kf2 Kg6 53. Rh8 Rd5 54. Kxf3 Rxa5 55.
Re8 Kf6 56. Rc8 Rb5 57. Rc4 a5 58. Rd4 Rb3+ 59. Kf4 Rb4 0-1

[Event "*** Titled Tuesday Blitz"]
[Site "Chess.com"]
[Date "2021.04.06"]
[Round "6"]
[White "Grandmaster1369"]
[Black "BeyondMadness"]
[Result "1-0"]
[WhiteElo "2442"]
[BlackElo "2274"]
[TimeControl "180+1"]
[EndTime "11:08:53 PDT"]
[Termination "Grandmaster1369 won on time"]

1. e4 c5 2. Nf3 Nc6 3. Bb5 g6 4. Bxc6 dxc6 5. O-O Bg7 6. d3 b6 7. Nc3 e5 8. Be3 Ne7 9. Qd2 O-O 10. Bh6 f6 11.
Bxg7 Kxg7 12. h3 Be6 13. Nh2 g5 14. Nd1 Qd7 15. Ne3 Ng6 16. b4 c4 17. Rad1 Rad8 18. Qc1 Nf4 19. Kh1 cxd3 20. cxd3 Ne2 21. Qa3 Nd4 22.
Rfe1 Rc8 23. Nhf1 h5 24. Ng3 Kg6 25. Ngf5 Bxf5 26. Nxf5 Nxf5 27. exf5+ Kxf5 28. d4 e4 29. Rxe4 Kg6 30. Rde1 Rfe8 31. Qd3 Rxe4 32. Rxe4 Kg7 33. Qe3 Rc7 34. Re8 Qf5 35. Ra8 Qf4 36. Qxf4 gxf4 37. Kg1 Rd7 38. Kf1 Kg6 39. a3 Rxd4 40. Rxa7 f3 41. gxf3 Rd3 42. Kg2 Kf5 43. Ra6 c5 44. Rxb6 Rxa3 45. Rb5 1-0

[Event "*** Titled Tuesday Blitz"]
[Site "Chess.com"]
[Date "2021.04.06"]
[Round "6"]
[White "Didici"]
[Black "VD_coach"]
[Result "1-0"]
[WhiteElo "2657"]
[BlackElo "2507"]
[TimeControl "180+1"]
[EndTime "11:08:54 PDT"]
[Termination "Didici won by resignation"]

1. d4 Nf6 2. c4 g6 3. Nc3 Bg7 4.
e4 d6 5. h3 O-O 6. Be3 a6 7. Nf3 b6 8. Be2 c5 9. O-O Nbd7 10. d5 b5 11. cxb5 Qa5 12. a4 Ne8 13. Nd2 Qc7 14. Nc4 Bb7 15. a5 axb5 16. Nxb5 Qb8 17.
Nc3 Ba6 18. Qc2 Nc7 19. Rfb1 Qb7 20. Ra4 Rfb8 21. b4 cxb4 22. Raxb4 Qxb4 23. Rxb4 Rxb4 24. Nb6 Rd8 25. Nxd7 Rxd7 26. Bb6 Bxe2 27. Nxe2 Rb2 28. Qc6 Rd8 29. Qxc7 Ra8 30. Ng3 h5 31. h4 Bf6 32.
Nf1 Rf8 33. g3 Rb1 34. Kg2 Kg7 35. Ne3 Ra1 36. Qb7 Bc3 37. a6 Bd2 38. a7 Ra4 39.
Nc2 Bc3 40. Ne3 Ra2 41. Nc4 Be5 42. Nxe5 dxe5 43. Qc7 f5 44. Qxe5+ Kh7 45. Qxe7+ Kg8 46. Bd4 Rf7 47. Qe8+ 1-0

[Event "*** Titled Tuesday Blitz"]
[Site "Chess.com"]
[Date "2021.04.06"]
[Round "6"]
[White "if_name_main_a"]
[Black "ethylalcohol"]
[Result "1-0"]
[WhiteElo "2339"]
[BlackElo "2123"]
[TimeControl "180+1"]
[EndTime "11:08:54 PDT"]
[Termination "if_name_main_a won on time"]

1. Nf3 Nf6 2. g3 g6 3. Bg2 Bg7 4. O-O O-O 5. d4 d6 6. c4 c6 7. Nc3 Qc7 8. h3 e5 9. e4 Re8 10. Re1 Nbd7 11. Be3 exd4 12. Nxd4 Ne5 13. b3 Ned7 14.
Qc2 a5 15. Rad1 Nc5 16. a3 Be6 17. Nde2 Rad8 18. e5 Nfd7 19. exd6 Qb6 20. Na4 Qxb3 21. Qxb3 Nxb3 22. Nb6 Nxb6 23. Bxb6 Rd7 24. c5 Bc4 25.
Nf4 Re5 26. Rxe5 Bxe5 27. Re1 f6 28. h4 Kf7 29. Bh3 Bxf4 30. Bxd7 Bd2 31. Re7+ Kf8 32. Be6 Bxe6 33. Rxe6 Kf7 34. d7 Kxe6 35. d8=Q a4 36. Qc8+ Kd5 37. Qxb7 Nxc5 38. Qa7 Ne4 39. Qxa4 Bc3 40.
Qb3+ Kd6 41. f3 Nxg3 42. Bc5+ Kxc5 43. Qxc3+ Kb5 44. Qxf6 Ka4 45. Qd4+ Ka5 46. Qe5+ Kb6 47. Qxg3 c5 48. Qg5 Kb5 49. Qh6 Ka4 50. Qxh7 Kxa3 51. Qxg6 c4 52. h5 c3 53. h6 Kb2 54. h7 c2 55. Qxc2+ Kxc2 56. h8=Q 1-0

[Event "*** Titled Tuesday Blitz"]
[Site "Chess.com"]
[Date "2021.04.06"]
[Round "6"]
[White "jacky72"]
[Black "Keks2017"]
[Result "0-1"]
[WhiteElo "2703"]
[BlackElo "2547"]
[TimeControl "180+1"]
[EndTime "11:08:55 PDT"]
[Termination "Keks2017 won by checkmate"]

1. d4 d6 2. c4 e5 3. Nf3 Nd7 4.
g3 Ngf6 5. Bg2 g6 6. b3 Bg7 7. dxe5 dxe5 8. Bb2 Qe7 9. O-O O-O 10. Ba3 c5 11. Nc3 Re8 12. e4 b6 13. Nd5 Nxd5 14. cxd5 Bb7 15. Rc1 Rec8 16. Qd2 Nf6 17. Ne1 Ne8 18.
Nd3 Nd6 19. Rfe1 Re8 20. Bb2 f6 21. f4 Nf7 22. fxe5 fxe5 23. Bh3 Bh6 24. Qe2 Bxc1 25. Rxc1 Bc8 26. Bxc8 Raxc8 27. a4 Qd7 28. Kg2 c4 29. Nb4 cxb3 30. Nc6 Rc7 31. Qc4 Rec8 32. Qxb3 Rxc6 33. dxc6 Rxc6 34. Rd1 Rd6 35. Rxd6 Qxd6 36.
Qc3 Kg7 37. a5 bxa5 38. Qxa5 a6 39. h4 h5 40. Kh3 Qe6+ 41. Kh2 Qd6 42. Qc3 Kh7 43.
Bc1 Nh6 44. Qb3 Ng4+ 45. Kh3 Qd7 46. Kg2 Kg7 47. Bg5 Qf7 48. Qb6 Qa2+ 49. Kf1 Qa1+ 50. Ke2 Qa2+ 51. Kd3 Qa3+ 52. Kc4 Qa4+ 53. Kc3 Qa3+ 54.
Kc4 Qa4+ 55. Kd3 Qb5+ 56. Qxb5 axb5 57. Be7 Kf7 58. Bb4 Ke6 59. Bc5 Kd7 60. Kc3 Kc6 61.
Ba7 Nf6 62. Kd3 Nd7 63. Be3 Nc5+ 64. Ke2 Nxe4 65. Kf3 Nf6 66. Bg5 Nd7 67. Ke4 b4 68. Kd3 Kd5 69. Be7 Nc5+ 70. Kc2 Ne4 71. Bxb4 Nxg3 72. Kd3 Nf5 73. Be1 e4+ 74. Ke2 Kd4 75.
Bf2+ e3 76. Be1 Ke4 77. Ba5 Nxh4 78. Bb6 Nf5 79. Kf1 Kf3 80. Ke1 e2 81. Bc7 Ne3 82.
Ba5 Ng2+ 83. Kd2 e1=Q+ 84. Kd3 Qxa5 85. Kc2 Qd8 86. Kb3 Ke3 87. Ka4 Qb6 88. Ka3 Kd3 89.
Ka2 Kc2 90. Ka3 Qb3# 0-1

[Event "*** Titled Tuesday Blitz"]
[Site "Chess.com"]
[Date "2021.04.06"]
[Round "6"]
[White "GrigoriyM2001"]
[Black "RobertoJBM"]
[Result "1/2-1/2"]
[WhiteElo "2534"]
[BlackElo "2695"]
[TimeControl "180+1"]
[EndTime "11:08:55 PDT"]
[Termination "Game drawn by repetition"]

1. d4 d5 2. c4 c6 3. Nf3 Nf6 4. e3 Bf5 5. Nc3 e6 6. Qb3 Qb6 7. Nh4 Bg6 8. Nxg6 hxg6 9. g3 Nbd7 10. Bg2 g5 11. O-O Be7 12. Rd1 Qxb3 13. axb3 a6 14. e4 Nxe4 15. Nxe4 dxe4 16. Bxe4 O-O-O 17. Be3 Kb8 18. Bg2 Bf6 19. h3 Rhe8 20. Ra5 e5 21. d5 Nf8 22. Rd2 cxd5 23. Rdxd5 Ne6 24. b4 Nd4 25. Rxd8+ Rxd8 26. Bd5 Rd7 27. Kg2 Bd8 28.
Ra1 Nc2 29. Ra4 Nd4 30. g4 f6 31. Be4 Be7 32. c5 Kc7 33. Ra1 Rd8 34. Rd1 Nc6 35.
Rxd8 Bxd8 36. Bd2 Be7 37. Bc3 Na7 38. Kf3 Nc6 39. Bd3 Kd7 40. Ke4 Bd8 41. Bc4 Bc7 42.
Bd5 Bd8 43. Bxc6+ bxc6 44. Kf5 Ke7 45. Kg6 Kf8 46. f3 Be7 47. Bd2 Kg8 48. Bc3 Kf8 49. Bd2 Kg8 50. Bc3 Bd8 51. Bd2 Be7 1/2-1/2

[Event "*** Titled Tuesday Blitz"]
[Site "Chess.com"]
[Date "2021.04.06"]
[Round "6"]
[White "Evgeny81"]
[Black "bilelou"]
[Result "1-0"]
[WhiteElo "2776"]
[BlackElo "2578"]
[TimeControl "180+1"]
[EndTime "11:08:56 PDT"]
[Termination "Evgeny81 won by resignation"]

1. Nf3 Nf6 2. c4 c5 3. g3 Nc6 4. Bg2 d5 5. cxd5 Nxd5 6. O-O Nc7 7. d3 g6 8. Nc3 Bg7 9. Be3 Ne6 10. Qc1 O-O 11.
Bh6 Bd7 12. Bxg7 Kxg7 13. a3 Rc8 14. Rb1 Ncd4 15. Re1 b6 16. Qd2 Bc6 17. Nxd4 Nxd4 18.
b4 c4 19. Rbd1 Bxg2 20. Kxg2 Qc7 21. dxc4 Qxc4 22. Qxd4+ Qxd4 23. Rxd4 Rxc3 24. Rd7 Rxa3 25. Rxe7 a5 26. bxa5 bxa5 27. Rc1 Ra2 28. Kf3 a4 29. Rcc7 a3 30. Ra7 Ra1 31. Re3 a2 32. Rea3 h5 33.
Rxa2 Rxa2 34. Rxa2 Rb8 35. Ra6 Rb3+ 36. e3 Rb2 37. h3 Rc2 38. Rb6 Ra2 39. g4 hxg4+ 40.
hxg4 Rc2 41. Kg3 Re2 42. Kf3 Ra2 43. Rc6 Rb2 44. Rc1 Ra2 45. Re1 Kf6 46. Re2 Ra4 47.
Rb2 Kg5 48. Rb5+ f5 49. gxf5 gxf5 50. Kg3 Rg4+ 51. Kf3 Ra4 52. Rb6 Rc4 53. Kg2 Ra4 54. f4+ Kh5 55. Rf6 Ra5 56. Kf3 Rb5 57. Re6 Rb1 58.
Kg3 Rg1+ 59. Kf2 Ra1 60. Rf6 Ra5 61. Ke2 Kg4 62. Rg6+ Kh5 63. Rg5+ Kh4 64. Kd3 Ra3+ 65. Kd4 Ra4+ 66. Ke5 Re4+ 67. Kxf5 Rxe3 68. Rg8 Ra3 69.
Rh8+ Kg3 70. Kg5 Kf3 71. Rh3+ 1-0

[Event "*** Titled Tuesday Blitz"]
[Site "Chess.com"]
[Date "2021.04.06"]
[Round "6"]
[White "MVM2008"]
[Black "Rytenko_V"]
[Result "0-1"]
[WhiteElo "2132"]
[BlackElo "2379"]
[TimeControl "180+1"]
[EndTime "11:08:56 PDT"]
[Termination "Rytenko_V won on time"]

1. e4 e6 2. d4 d5 3. exd5 exd5 4. Nf3 Nf6 5. Bd3 Bd6 6. O-O O-O 7. c4 c6 8. c5 Bc7 9. h3 h6 10. Nc3 Re8 11.
b4 b6 12. a4 Be6 13. Re1 Qd7 14. Bf1 Bf5 15. Ne5 Bxe5 16. dxe5 Ne4 17. Nxe4 Bxe4 18.
f3 Bg6 19. Qd4 Qc7 20. Bb2 Re6 21. f4 Nd7 22. g4 Be4 23. Rxe4 dxe4 24. Bc4 Re7 25.
Qd6 Nf8 26. Rd1 bxc5 27. bxc5 Rb8 28. Bc3 Rbe8 29. f5 Rd7 30. f6 Rxd6 31. cxd6 Qd7 32. fxg7 Ne6 33. Bxe6 Qxe6 34. d7 Rd8 35. Rd6 Qxd6 36.
exd6 Rxd7 37. Be5 f6 38. Bxf6 Rxd6 39. Be5 Rd2 40. h4 Ra2 41. h5 c5 42. g5 hxg5 43. h6 c4 44. Kf1 Rxa4 45. Kg2 Ra5 46. Bd4 Rd5 47. Bf6 e3 48. Kf3 Rd6 49. Bxg5 Re6 0-1